AoeStats
← AOELG_bravedave92

Coastal Forest

510774808Analyzed
2v2 RM · 1d ago on Oct 2, 2026· 56m 22s· 4 players
Game mode
Random Map
Map size
Medium (4 player)
Population
200
Speed
Normal
Resources
Standard
Victory
Conquest
Starting age
Dark Age
Ending age
Imperial Age
RankedLock teamsTeams togetherTeam positionsShared explorationLock speedFull tech treeHidden civsTurbo modeCheats
Victory
Defeat
🇭🇰 Khitans · Hong Kong SAR China
1152
+17
🇭🇰 Japanese · Hong Kong SAR China
1107
+18
🇩🇪 Vikings · Germany
1168
-18
🇨🇭 Mongols · Switzerland
1155
-17
RoyeneAG
5:26 Loom
11:57 Feudal Age
12:31 Double-Bit Axe
17:41 Wheelbarrow
20:38 Castle Age
18:54 Forging
19:16 Fishing Lines
20:10 Scale Barding Armor
21:24 Husbandry
21:38 Squires
24:12 Iron Casting
24:26 Fletching
27:23 Hand Cart
29:25 Stone Mining
30:23 Gold Mining
32:00 Elite Skirmisher
32:46 Light Cavalry
34:16 Bodkin Arrow
43:24 Imperial Age
40:41 Domestication
42:11 Heavy Cavalry Archer
43:35 Padded Archer Armor
44:31 Capped Ram
45:28 Thumb Ring
46:42 Parthian Tactics
48:09 Town Watch
48:57 Bracer
50:54 Chemistry
49:52 Murder Holes
54:13 Ballistics
waiyeung
3:22 Loom
9:32 Feudal Age
10:14 Double-Bit Axe
14:47 Fletching
22:41 Castle Age
21:07 Padded Archer Armor
21:52 Gold Mining
22:08 Scale Mail Armor
22:49 Horse Collar
23:00 Crossbowman
23:56 Bodkin Arrow
24:00 Pikeman
27:29 Squires
29:42 Leather Archer Armor
34:41 Ballistics
38:07 Stone Mining
38:18 Heavy Plow
38:29 Bow Saw
39:19 Wheelbarrow
38:29 Town Watch
41:36 Imperial Age
41:01 Chain Mail Armor
42:03 Forging
42:19 Arbalester
43:01 Bracer
44:01 Plate Mail Armor
43:35 Halberdier
46:15 Chemistry
45:59 Yasama
46:08 Siege Engineers
47:51 Iron Casting
48:09 Thumb Ring
48:11 Arson
48:01 Elite Samurai
49:15 Masonry
51:08 Blast Furnace
52:24 Arson
52:25 Gambesons
52:00 Man-at-Arms
52:47 Elite Skirmisher
55:43 Two-Man Saw
54:33 Onager
55:39 Guard Tower
55:31 Treadmill Crane
55:37 Arrowslits
AOELG_bravedave92
11:04 Feudal Age
10:47 Loom
12:55 Double-Bit Axe
18:15 Castle Age
19:38 Fletching
21:51 Padded Archer Armor
23:46 Bow Saw
23:44 Elite Skirmisher
25:30 Leather Archer Armor
27:51 Bodkin Arrow
31:54 Town Watch
43:52 Imperial Age
44:37 Forging
44:29 Scale Mail Armor
46:13 Conscription
46:43 Bracer
49:28 Iron Casting
49:25 Ring Archer Armor
49:32 Gold Mining
50:51 Ballistics
52:41 Chain Mail Armor
frickman
8:35 Feudal Age
9:03 Loom
9:16 Double-Bit Axe
15:54 Horse Collar
17:52 Forging
17:47 Fishing Lines
19:23 Scale Barding Armor
19:32 Bloodlines
22:07 Castle Age
23:25 Iron Casting
23:10 Chain Barding Armor
22:55 Husbandry
22:16 Light Cavalry
23:00 Husbandry
24:08 Gillnets
24:31 Medium Warships
27:58 Gold Mining
28:50 Wheelbarrow
29:54 Bow Saw
30:26 Heavy Plow
33:46 Gold Shaft Mining
36:41 Imperial Age
35:15 Hand Cart
35:24 Ballistics
34:57 Fletching
36:01 Bodkin Arrow
36:06 Padded Archer Armor
37:05 Heavy Camel Rider
38:28 Conscription
40:34 Blast Furnace
39:35 Bracer
40:10 Hussar
42:06 Chemistry
40:50 Elite Mangudai
42:26 Hoardings
44:11 Leather Archer Armor
45:47 Onager
48:11 Masonry
48:07 Siege Engineers
48:36 Scale Mail Armor
Connection lost

Rejoining the realm…

Still unreachable

The connection could not be restored.

Session expired

The server has moved on; the page needs a fresh start.